 Dungeon Crawl Stone Soup version 0.31.0-11-ge490571c62 (webtiles) character file.

Game seed: 5597101477562489747

65 qw the Shooter (level 3, -5/20 HPs)
             Began as a Deep Elf Hunter on Feb 5, 2024.
             Slain by a gnoll
             ... wielding a +0 spear
              (6 damage)
             ... on level 2 of the Dungeon.
             The game lasted 00:00:30 (1084 turns).

qw the Shooter (Deep Elf Hunter)                    Turns: 1084, Time: 00:00:31

Health: -5/20      AC:  7    Str: 10    XL:     3   Next: 92%
Magic:  5/5        EV: 11    Int: 13    God:
Gold:   80         SH:  0    Dex: 18    Spells: 2/2 levels left

rFire   . . .        a - +0 shortbow
rCold   . . .        (shield currently unavailable)
rNeg    . . .        k - +0 ring mail
rPois   .            m - +0 helmet
rElec   .            l - +0 cloak
rCorr   .            (no gloves)
SInv    .            (no boots)
Will    .....        (no amulet)
Stlth   +            (no ring)
HPRegen 0.23/turn    (no ring)
MPRegen 0.09/turn

%: no passive effects
@: no status effects
A: no striking features
a: no special abilities


You were on level 2 of the Dungeon.
You visited 1 branch of the dungeon, and saw 2 of its levels.

You collected 80 gold pieces.


   Skills:
 - Level 1.5 Fighting
 + Level 7.4 Ranged Weapons
 - Level 2.4 Dodging
 - Level 1.2 Stealth


You had 2 spell levels left.
You didn't know any spells.
Your spell library was empty.

Inventory:

Hand Weapons
 a - a +0 shortbow (weapon)
Armour
 k - a +0 ring mail (worn)
 l - a +0 cloak (worn)
 m - a +0 helmet (worn)
Jewellery
 c - a +6 ring of intelligence
Scrolls
 b - a scroll of immolation {unknown}
Potions
 d - a potion of curing {unknown}
 e - a potion of cancellation
 j - a potion of might {unknown}

Dungeon Overview and Level Annotations

Branches:
Dungeon (2/15)

Altars:

Shops:
D:2 (


Message History

You kill the gnoll!
The gnoll hits you from afar with a +0 spear.
The goblin unwields a +0 sling.
The goblin wields a +0 dagger.
The goblin hits you but does no damage.
Your Ranged Weapons skill increases to level 7!
You shoot an arrow. The arrow barely misses the goblin.
The arrow hits the gnoll.
The gnoll is severely wounded.
The gnoll hits you but does no damage. x2; The goblin barely misses you.
You shoot an arrow. The arrow misses the goblin.
The arrow hits the gnoll.
The gnoll is severely wounded.
The gnoll hits you from afar with a +0 spear.
The goblin barely misses you.
You shoot an arrow. The arrow closely misses the goblin.
The arrow barely misses the gnoll.
The gnoll barely misses you. The goblin hits you with a +0 dagger.
You shoot an arrow. The arrow closely misses the goblin.
The arrow hits the gnoll.
You kill the gnoll!
The goblin hits you but does no damage.
The gnoll hits you from afar with a +0 spear.
You shoot an arrow. The arrow closely misses the goblin.
The arrow barely misses the jackal.
The goblin hits you but does no damage. The gnoll misses you.
A gnoll comes into view. It is wielding a +0 flail.
You shoot an arrow. The arrow closely misses the goblin.
The arrow misses the jackal.
The goblin closely misses you. The gnoll barely misses you.
The gnoll hits you but does no damage. The goblin completely misses you.
You shoot an arrow. The arrow hits the goblin!
You kill the goblin!
The gnoll hits you but does no damage. The jackal closely misses you.
You shoot an arrow. The arrow misses the jackal.
The arrow closely misses the gnoll.
The arrow closely misses the jackal.
The jackal bites you. The gnoll misses you.
The jackal bites you but does no damage.
You shoot an arrow. The arrow hits the jackal.
The jackal is almost dead.
The gnoll hits you from afar with a +0 spear.
You die...

#.# #...###.###.# #...#
####.# #...# #...#.# #...#
#....#############.#.###...#
#.###..........# #.#.#.<...#
# #..........###.#.##....#
#............%....#....#
#....g..ggh######...#+##
#####...#h########..#.##
#.h.#@#............#
###...#.#.#########..#
#.....#.# .........##
#.g.g.#.############..##
#..g###.................
#.gh# ###############...
#..)# #### ..g.. ##....


You could see 2 gnolls and 2 jackals.

Vanquished Creatures
  2 gnolls (D:2)
  An adder (D:2)
  3 dart slugs
  A ribbon worm (D:2)
  2 endoplasms (D:1)
  4 goblins
  2 hobgoblins (D:2)
  A jackal (D:2)
  A quokka (D:2)
  5 ball pythons
  5 bats
  2 kobolds
  2 rats (D:1)
31 creatures vanquished.

Notes
Turn   | Place    | Note
-------+----------+-------------------------------------------
     0 | D:1      | qw the Deep Elf Hunter began the quest for the Orb.
     0 | D:1      | Reached XP level 1. HP: 12/12 MP: 3/3
     0 | D:1      | 0 ||| qw: Version: 0.3-a-160-g6735b56
     0 | D:1      | 0 ||| qw: Game counter: 6577
     0 | D:1      | 0 ||| qw: Melee chars always use a shield: true
     0 | D:1      | 0 ||| qw: God list: Okawaru
     0 | D:1      | 0 ||| qw: Allow faded altars: false
     0 | D:1      | 0 ||| qw: Do Orc after clearing Dungeon:15 true
     0 | D:1      | 0 ||| qw: Do second Lair branch before Depths: true
     0 | D:1      | 0 ||| qw: Lair rune preference: random
     0 | D:1      | 0 ||| qw: Goals: Normal
     0 | D:1      | 0 ||| PLANNING D:1-11
   165 | D:1      | Reached XP level 2. HP: 16/16 MP: 4/4
   167 | D:1      | Reached skill level 6 in Ranged Weapons
   680 | D:1      | 680 ||| UPGRADING to +0 ring mail.
   690 | D:1      | 690 ||| DROPPING +0 leather armour.
   691 | D:1      | 691 ||| UPGRADING to +0 cloak.
   696 | D:1      | 696 ||| UPGRADING to +0 helmet.
   701 | D:1      | 701 ||| READING 2 scrolls labelled AROITI WEUWN.
   702 | D:1      | 702 ||| READING scroll labelled GURHAI TYCE.
   705 | D:1      | 705 ||| READING 2 scrolls labelled ATATAFRAIJA.
   705 | D:1      | 705 ||| IDENTIFYING blue potion
   706 | D:1      | 706 ||| READING scroll of identify.
   706 | D:1      | 706 ||| IDENTIFYING brown potion
   707 | D:1      | 707 ||| READING 3 scrolls labelled UDWUMO ZIONWOE.
   808 | D:1      | 808 ||| READING 3 scrolls labelled VIMIZOGIYPS.
   809 | D:1      | 809 ||| READING scroll labelled UTUHIB OMNEXTIUTZE.
   810 | D:1      | 810 ||| DROPPING scroll of butterflies.
   811 | D:1      | 811 ||| DROPPING scroll of fog.
   812 | D:1      | 812 ||| DROPPING potion of brilliance.
   813 | D:1      | 813 ||| DROPPING 2 scrolls of vulnerability.
   814 | D:1      | 814 ||| DROPPING 2 scrolls of revelation.
   818 | D:2      | Found Amoih's Antique Weapon Shop.
   824 | D:2      | 824 ||| SHOPLISTING runed shortbow (138 gold, have 44).
   943 | D:2      | Reached XP level 3. HP: 20/20 MP: 5/5
  1056 | D:2      | 1056 ||| RETREEEEATING.
  1057 | D:2      | 1057 ||| RETREEEEATING.
  1058 | D:2      | 1058 ||| RETREEEEATING.
  1059 | D:2      | 1059 ||| RETREEEEATING.
  1060 | D:2      | 1060 ||| RETREEEEATING.
  1061 | D:2      | 1061 ||| RETREEEEATING.
  1063 | D:2      | 1063 ||| RETREEEEATING.
  1068 | D:2      | 1068 ||| RETREEEEATING.
  1076 | D:2      | Reached skill level 7 in Ranged Weapons
  1078 | D:2      | HP: 5/20 [goblin/+0 dagger (3)]
  1079 | D:2      | HP: 1/20 [gnoll/+0 spear (5)]
  1084 | D:2      | Slain by a gnoll

Levels and vault maps discovered:
D:1:      tarquinn_simple_flora_water_e, layout_basic, serial_aquarium,
          aquarium_bridge_square [aquarium_subvault_wall,
          aquarium_subvault_wall, aquarium_subvault_bridge,
          aquarium_subvault_wall], aquarium_window_2, aquarium_window_corner,
          aquarium_view_2c, aquarium_view_2g, aquarium_balcony_5b,
          aquarium_pool_side, minmay_pentomino_u2
D:2:      layout_basic, serial_shops, shop, minmay_misc_feat_diagonals,
          grunt_decor_one_mirror, uniq_natasha

Skill      XL: |  1  2  3 |
---------------+----------+-----
Ranged Weapons | 6 7 |  7.4
Fighting       | |  1.5
Dodging        | |  2.4
Stealth        | |  1.2

Action                     || total
---------------------------++-------
   Fire: Shortbow          ||    90
    Use: Scroll            ||     7
 Armour: Leather armour    ||     5
         Ring mail         ||    32
  Dodge: Dodged            ||    41

Table legend:
 A = Non-vault XP
 B = Vault XP
 C = Vault XP percentage of total XP
 D = Non-vault monster count
 E = Vault monster count
 F = Vault count percentage of total count
                 A         B        C        D         E       F
            +---------+---------+-------+---------+---------+-------
      Total |      90 |       3 |   3.2 |      29 |       2 |   6.5
            +---------+---------+-------+---------+---------+-------
        D:1 |      23 |       3 |  11.5 |      13 |       2 |  13.3
        D:2 |      67 |       0 |   0.0 |      16 |       0 |   0.0
            +---------+---------+-------+---------+---------+-------
